 Dungeon Crawl Stone Soup version 0.28-a0-1555-g9ae15a6949 (webtiles) character file.

Game seed: 11409507280415543356

115303 lunkers the Spry (level 16, -8/142 HPs)
             Began as a Vampire Enchanter on Jan 18, 2022.
             Was a High Priest of Ashenzari.
             Succumbed to a nagaraja's bolt of poison
             ... on level 3 of the Snake Pit on Jan 19, 2022.
             The game lasted 01:23:30 (24640 turns).

lunkers the Spry (Vampire Enchanter)               Turns: 24640, Time: 01:23:31

Health: -8/142     AC: 17    Str:  7    XL:     16   Next: 18%
Magic:  23/23      EV: 27    Int: 28    God:    Ashenzari [*****.]
Gold:   2200       SH: 19    Dex: 20    Spells: 3/25 levels left

rFire   + . .      SeeInvis +   a - +8 rapier of the Fated Oblivion {drain, Int+4 Dex+4, Fort, Melee} (curse)
rCold   + . .      Faith    .   p - +0 kite shield "Gnostic Frustration" {Fort, Bglg} (curse)
rNeg    . . .      Spirit   .   T - +4 troll leather armour "Yoke of Ashenzari" {Regen+, Snorg, Elem, Alch} (curse)
rPois   .          Reflect  +   h - +2 helmet "Visionary Restlessness" {Melee, Self} (curse)
rElec   .          Harm     .   o - +2 cloak "Ensconced With Me" {Stlth+, Self, Comp} (curse)
rCorr   .          Rampage  .   l - +0 pair of gloves of Supernal Gnosis {Melee, Evo} (curse)
Will    +....      Clarity  +   d - +0 pair of boots of the Eye in the Sky {Alch, Range} (curse)
Stlth   ++++++++..              X - amulet of the Scavenger {Reflect rC+ Regen+ SH+5}
HPRegen 2.13/turn               y - ring of Ashenzari's Comet {rF+, Self, Melee} (curse)
MPRegen 0.18/turn               K - ring "Circumscribed With Me" {EV+4, Cun, Elem} (curse)

@: lethally poisoned (-8 -> -34), healing quickly, slowed, studying 2 skills,
very slow
A: alive, fangs 3, see invisible, vampiric 2
a: Exsanguinate, Renounce Religion, Curse Item, Shatter the Chains


You were on level 3 of the Snake Pit.
You worshipped Ashenzari.
Ashenzari was extremely pleased with you.
You visited 5 branches of the dungeon, and saw 25 of its levels.
You also visited: Ossuary.

You collected 3480 gold pieces.
You spent 1280 gold pieces at shops.

Inventory:

Hand Weapons
 a - the cursed +8 rapier of the Fated Oblivion (weapon) {drain, Int+4 Dex+4, Fort, Melee}
   (You found it on level 9 of the Dungeon)

   A truly terrible weapon, it drains the life of any living foe it strikes.
   Int:       It affects your intelligence (+4).
   Dex:       It affects your dexterity (+4).
   It has a curse which improves the following skills: Fortitude: Armour and
   Shields.
   Melee Combat: Short Blades, Long Blades, Axes, Maces & Flails, Polearms,
   Staves and Unarmed Combat.
Missiles
 N - 2 throwing nets
Armour
 d - the cursed +0 pair of boots of the Eye in the Sky (worn) {Alch, Range}
   (You found it on level 1 of the Dungeon)

   It has a curse which improves the following skills: Alchemy: Poison Magic and
   Transmutations.
   Ranged Combat: Slings, Bows, Crossbows and Throwing.
 h - the cursed +2 helmet "Visionary Restlessness" (worn) {Melee, Self}
   (You found it on level 4 of the Dungeon)

   It has a curse which improves the following skills: Melee Combat: Short
   Blades, Long Blades, Axes, Maces & Flails, Polearms, Staves and Unarmed
   Combat.
   Introspection: Fighting and Spellcasting.
 l - the cursed +0 pair of gloves of Supernal Gnosis (worn) {Melee, Evo}
   (You found it on level 2 of the Dungeon)

   It has a curse which improves the following skills: Melee Combat: Short
   Blades, Long Blades, Axes, Maces & Flails, Polearms, Staves and Unarmed
   Combat.
   Evocations: Evocations.
 n - a +2 robe of fire resistance
 o - the cursed +2 cloak "Ensconced With Me" (worn) {Stlth+, Self, Comp}
   (You took it off Crazy Yiuf on level 2 of the Dungeon)

   It has a curse which improves the following skills: Introspection: Fighting
   and Spellcasting.
   Companions: Summonings and Necromancy.
 p - the cursed +0 kite shield "Gnostic Frustration" (worn) {Fort, Bglg}
   (You took it off an orc on level 3 of the Dungeon)

   It has a curse which improves the following skills: Fortitude: Armour and
   Shields.
   Beguiling: Conjurations, Hexes and Translocations.
 x - a +0 helmet
 O - the +10 chain mail of the Snake Pit {rPois Dex+4 Stlth+}
   (You found it on level 1 of the Lair of Beasts)

   Dex:       It affects your dexterity (+4).
   rPois:     It protects you from poison.
   Stlth:     It makes you more stealthy.
 T - the cursed +4 troll leather armour "Yoke of Ashenzari" (worn) {Regen+, Snorg, Elem, Alch}
   (You found it on level 6 of the Lair of Beasts)

   Regen:     It increases your rate of health regeneration.
   It has a curse which improves the following skills: Elements: Fire Magic, Ice
   Magic, Air Magic and Earth Magic.
   Alchemy:   Poison Magic and Transmutations.
Jewellery
 y - the cursed ring of Ashenzari's Comet (left hand) {rF+, Self, Melee}
   (You found it in an ossuary)

   [ring of protection from fire]

   rF:        It protects you from fire.
   It has a curse which improves the following skills: Introspection: Fighting
   and Spellcasting.
   Melee Combat: Short Blades, Long Blades, Axes, Maces & Flails, Polearms,
   Staves and Unarmed Combat.
 H - a ring of protection from fire
 K - the cursed ring "Circumscribed With Me" (right hand) {EV+4, Cun, Elem}
   (You found it on level 10 of the Dungeon)

   [ring of evasion]

   EV:        It affects your evasion (+4).
   It has a curse which improves the following skills: Cunning: Dodging and
   Stealth.
   Elements:  Fire Magic, Ice Magic, Air Magic and Earth Magic.
 S - a ring of flight
 X - the amulet of the Scavenger (around neck) {Reflect rC+ Regen+ SH+5}
   (You bought it in a shop on level 2 of the Snake Pit)

   [amulet of reflection]

   It reflects blocked missile attacks.
   rC:        It protects you from cold.
   Regen:     It increases your rate of health regeneration.
   SH:        It affects your SH (+5).
Wands
 m - a wand of acid (7)
 u - a wand of digging (20)
 z - a wand of flame (87)
 D - a wand of polymorph (20)
 E - a wand of paralysis (11)
 F - a wand of charming (2)
 L - a wand of iceblast (11)
Scrolls
 f - 3 scrolls of fear
 g - 4 scrolls of vulnerability
 s - 11 scrolls of teleportation
 w - 4 scrolls of blinking
 A - 3 scrolls of torment
 B - 5 scrolls of amnesia
 M - 4 scrolls of magic mapping
 P - 3 scrolls of fog
 R - 2 scrolls of enchant armour
 U - a scroll of enchant weapon
Potions
 c - 4 potions of invisibility
 e - 12 potions of curing
 i - 7 potions of heal wounds
 j - 5 potions of lignification
 q - 2 potions of resistance
 r - 4 potions of mutation
 t - 5 potions of ambrosia
 v - 5 potions of might
 C - 5 potions of haste
 I - 4 potions of brilliance
 J - a potion of magic
 V - 4 potions of flight
Miscellaneous
 b - a box of beasts
 Q - a condenser vane
 W - a phial of floods


   Skills:
 - Level 13.1(17.6) Fighting
 - Level 8.5(14.0) Short Blades
 - Level 2.2(4.8) Armour
 - Level 15.6(17.8) Dodging
 - Level 15.0(17.2) Stealth
 - Level 10.0(13.5) Shields
 - Level 2.0(5.2) Spellcasting
 - Level 11.6(13.9) Hexes
 * Level 13.0(15.2) Summonings


You had 3 spell levels left.
You knew the following spells:

 Your Spells              Type           Power      Damage    Failure   Level
b - Ensorcelled Hibernat  Hex/Ice        94%        N/A       1%          2
c - Confusing Touch       Hex            71%        N/A       1%          3
d - Tukima's Dance        Hex            71%        N/A       1%          3
e - Summon Guardian Gole  Hex/Summ       73%        N/A       1%          3
f - Monstrous Menagerie   Summ           37%        N/A       28%         7
g - Summon Ice Beast      Ice/Summ       50%        N/A       7%          4

Your spell library contained the following spells:

 Spells                   Type           Power      Damage    Failure   Level
 Dazzling Flash           Conj/Hex       94%        N/A       3%          3
 Freeze                   Ice            36%        1d6       14%         1
 Apportation              Tloc           16%        N/A       16%         1
 Shock                    Conj/Air       36%        1d5       16%         1
 Frozen Ramparts          Ice            18%        1d3       41%         3
 Ozocubu's Armour         Ice            9%         N/A       41%         3
 Stone Arrow              Conj/Erth      18%        3d8       41%         3
 Swiftness                Air            9%         N/A       41%         3
 Vampiric Draining        Necr           8%         2d6       43%         3
 Animate Armour           Summ/Erth      100%       N/A       7%          4
 Silence                  Hex/Air        23%        N/A       26%         5
 Airstrike                Air            4%         N/A       82%         4
 Ice Form                 Ice/Tmut       9%         N/A       82%         4
 Petrify                  Tmut/Erth      9%         N/A       82%         4
 Hailstorm                Conj/Ice       9%         3d4       83%         4
 Agony                    Necr           8%         N/A       99%         5
 Alistair's Intoxication  Tmut/Pois      6%         N/A       99%         5
 Fireball                 Conj/Fire      4%         3d4       99%         5
 Iskenderun's Battlesphe  Conj           8%         2d6       99%         5
 Conjure Ball Lightning   Conj/Air       4%         3x3d6     100%        6
 Orb of Destruction       Conj           4%         9d5       100%        7
 Ozocubu's Refrigeration  Ice            4%         4d5       100%        7
 Lehudib's Crystal Spear  Conj/Erth      4%         10d3      100%        8
 Maxwell's Capacitive Co  Air            4%         ∞         100%        8


Dungeon Overview and Level Annotations

Branches:
Dungeon (12/15)            Temple (1/1) D:5            Lair (6/6) D:11
  Swamp (0/4) Lair:4        Snake (4/4) Lair:3        Slime (0/5) Lair:5
    Orc (2/2) D:12            Elf (0/3) Orc:2       Ossuary (visited)

Altars:
Ashenzari
Cheibriados
Dithmenos
Elyvilon
Fedhas
Gozag
Hepliaklqana
Kikubaaqudgha
Makhleb
Nemelex Xobeh
Okawaru
Qazlal
Ru
Sif Muna
Trog
Uskayaw
Vehumet
Wu Jian
Xom
Yredelemnul
Zin
The Shining One
Beogh

Shops:
Orc:2 !:[(   Snake:1 **:   Snake:2 =   Snake:3 =

Annotations:
Lair:5 exclusion: ice statue


Innate Abilities, Weirdness & Mutations

Your natural rate of healing is accelerated.
You have razor-sharp teeth.
You have supernaturally acute eyesight. (SInv)
You are afflicted with vampirism and can become a bat while bloodless.


Message History

You block the nagaraja's attack. The nagaraja constricts you.
You hit the nagaraja but do no damage.
Your hands stop glowing.
You feel sick.
The nagaraja gestures at you while chanting.
The poison arrow hits you!!
You are more poisoned.
* * * LOW HITPOINT WARNING * * *
The nagaraja constricts you.
You escape the nagaraja's grasp.
You feel very sick. The nagaraja completely misses you.
You feel very sick.
You feel very sick.
You see here a +0 trident.
You feel very sick. The nagaraja spits poison at you.
The splash of poison hits you but does no damage.
You are more poisoned.
You have difficulty breathing.
* * * LOW HITPOINT WARNING * * *
You feel yourself slow down.
The nagaraja points at you and mumbles some strange words.
The poison arrow hits you!!
You are more poisoned.
* * * LOW HITPOINT WARNING * * *
You feel extremely sick.
There is a stone staircase leading up, spattered with blood here.
You feel extremely sick. The nagaraja spits poison at you.
The splash of poison hits you but does no damage.
You are more poisoned.
You have difficulty breathing.
* * * LOW HITPOINT WARNING * * *
You feel as though you will be slow longer.
The nagaraja casts a spell at you.
The bolt of poison hits you but does no damage.
You are lethally poisoned!
You climb upwards.
You die...

.#.##...###.....##...##
#.#.#...####..........##
##.#.....#.............###
..#....#...(......)......##
...##.........)[..........#
###.##....##..............#
####.##..####............##
..#..###..###...........##
#...#####...###.@[(....##
##....#####.#.#[.....###
####.#.#######......###
###...#######.....#####
##..########....#######
##########)..#########
#######).#######
######.[)#######
#######..########


There were no monsters in sight!

Vanquished Creatures
  Jorgrun (Orc:2)
  4 nagarajas
  Aizul (Snake:3)
  An orc warlord (Orc:1)
  Snorg (Lair:6)
  2 salamander tyrants (Snake:3)
  6 hydras
  2 boulder beetles (D:12)
  8 naga warriors
  Erica (Lair:1)
  5 anacondas
  4 two-headed ogres
  8 death yaks
  Urug (D:12)
  4 orc high priests
  7 shock serpents
  A naga sharpshooter (Snake:3)
  4 salamander mystics
  A goliath frog (Lair:6)
  4 naga ritualists
  A sea snake (Snake:2)
  An obsidian statue (D:12)
  Pikel (D:4)
  5 orc knights
  6 orc sorcerers
  9 mana vipers
  An oklob plant (Lair:5)
  8 salamanders
  A manticore (D:11)
  2 ugly things (D:11)
  3 cyclopes
  9 elephants
  14 naga magi
  A guardian serpent (Snake:1)
  A torpor snail (Lair:5)
  30 black mambas
  28 cane toads
  3 unseen horrors
  7 komodo dragons
  3 rime drakes
  A kobold demonologist (D:10)
  3 polar bears
  5 trolls
  A wind drake (shapeshifter) (D:10)
  3 tyrant leeches (Lair:6)
  11 blink frogs
  9 dream sheep
  23 yaks
  A wyvern (Lair:5)
  3 wraiths
  A shadow (D:9)
  4 basilisks
  8 vampire mosquitoes
  3 steam dragons
  30 nagas
  6 wargs
  3 swamp worms (Lair:4)
  Menkaure (D:7)
  2 acid dragons
  12 water moccasins
  A hornet zombie (D:4)
  19 orc warriors
  An ice beast (D:6)
  3 black bears (Lair:1)
  3 centaurs
  5 ogres
  A sky beast (D:7)
  15 wolves
  A kobold brigand (D:8)
  2 lemures (D:4)
  3 scorpions
  24 bullfrogs
  2 gnoll sergeants
  3 wyvern zombies (Ossuary)
  6 water moccasin zombies (Ossuary)
  11 killer bees
  3 wights (D:6)
  4 electric eels
  5 centaur zombies (Ossuary)
  A howler monkey (Lair:6)
  5 bullfrog zombies (Ossuary)
  Crazy Yiuf (D:2)
  25 orc priests
  2 bullfrog skeletons
  A gnoll shaman (D:8)
  Jessica (D:2)
  Terence (D:1)
  An iguana (D:6)
  Natasha (thrice) (D:3)
  26 orc wizards
  3 killer bee zombies (Ossuary)
  A hound zombie (D:5)
  8 mummies (Ossuary)
  A howler monkey zombie (Ossuary)
  12 gnolls
  11 adders
  A white imp (D:7)
  An ufetubus (D:3)
  An adder skeleton (D:4)
  2 worms
  4 dart slugs
  63 orcs
  4 bats
  7 endoplasms
  A giant cockroach (D:2)
  9 goblins
  9 hobgoblins
  2 jackals (D:2)
  11 kobolds
  3 quokkas
  5 ball pythons
  A frilled lizard (D:3)
  4 rats
  A spectral hobgoblin (D:7)
674 creatures vanquished.

Vanquished Creatures (collateral kills)
  3 two-headed ogres
  3 vampire mosquitoes (D:12)
  An orc warrior (Orc:2)
  An orc wizard (Orc:2)
  An orc (Orc:2)
9 creatures vanquished.

Vanquished Creatures (others)
  4 dancing weapons
  An orc (Orc:2)
  2 bushes
  23 fungi
  91 plants
  4 withered plants (Ossuary)
125 creatures vanquished.

Grand Total: 808 creatures vanquished

Notes
Turn   | Place    | Note
-------+----------+-------------------------------------------
     0 | D:1      | lunkers the Vampire Enchanter began the quest for the Orb.
     0 | D:1      | Reached XP level 1. HP: 13/13 MP: 3/3
   191 | D:1      | Found a faded altar of an unknown god.
   262 | D:1      | Reached XP level 2. HP: 19/19 MP: 5/5
   674 | D:2      | Noticed Terence
   679 | D:2      | Learned a level 2 spell: Ensorcelled Hibernation
   787 | D:1      | Killed Terence
   788 | D:1      | Reached skill level 5 in Stealth
   788 | D:1      | Reached skill level 5 in Hexes
   788 | D:1      | Gained mutation: You are afflicted with vampirism and can
                  | become a bat while bloodless. [Vampire growth]
   788 | D:1      | Reached XP level 3. HP: 18/24 MP: 0/6
  1186 | D:2      | Reached XP level 4. HP: 14/30 MP: 1/7
  1449 | D:2      | Noticed Jessica
  1458 | D:2      | Killed Jessica
  1611 | D:2      | Found a runed translucent door.
  1612 | D:2      | Noticed Crazy Yiuf
  1735 | D:2      | Killed Crazy Yiuf
  1736 | D:2      | Reached XP level 5. HP: 35/35 MP: 8/8
  1826 | D:3      | Found an ancient bone altar of Kikubaaqudgha.
  1888 | D:3      | Found a sparkling altar of Nemelex Xobeh.
  1910 | D:3      | Noticed Natasha
  1937 | D:3      | Killed Natasha
  2131 | D:3      | Noticed Natasha
  2146 | D:3      | Killed Natasha
  2314 | D:3      | Noticed Natasha
  2330 | D:3      | Killed Natasha
  2331 | D:3      | Reached XP level 6. HP: 34/41 MP: 1/9
  2785 | D:3      | Learned a level 3 spell: Confusing Touch
  2789 | D:3      | Learned a level 3 spell: Tukima's Dance
  2941 | D:4      | Noticed Pikel
  2968 | D:4      | Killed Pikel
  2969 | D:4      | Reached skill level 5 in Short Blades
  2969 | D:4      | Reached XP level 7. HP: 34/46 MP: 2/10
  3427 | D:4      | Reached XP level 8. HP: 51/52 MP: 11/11
  3573 | D:5      | Entered Level 5 of the Dungeon
  3636 | D:5      | Found a staircase to the Ecumenical Temple.
  3657 | Temple   | Entered the Ecumenical Temple
  4449 | D:5      | Reached skill level 10 in Stealth
  4596 | D:6      | Found a sand-covered staircase.
  4602 | Ossuary  | Entered an ossuary
  4706 | Ossuary  | Reached skill level 10 in Hexes
  5034 | Ossuary  | Reached XP level 9. HP: 54/57 MP: 10/12
  6198 | D:6      | Found a snail-covered altar of Cheibriados.
  6201 | D:6      | Identified a scroll of acquirement
  6201 | D:6      | Acquired 728 gold pieces
  6223 | D:7      | Found a sacrificial altar of Ru.
  6223 | D:7      | Found an opulent altar of Gozag.
  6509 | D:7      | Reached skill level 1 in Fighting
  6539 | D:7      | Found a shadowy altar of Dithmenos.
  6818 | D:7      | Found a hazy altar of Hepliaklqana.
  6819 | D:7      | Noticed Menkaure
  6858 | D:7      | Killed Menkaure
  6943 | D:7      | Noticed a troll
  6946 | D:7      | Killed a troll
  6953 | D:7      | Reached XP level 10. HP: 70/70 MP: 10/13
  7174 | D:8      | Reached skill level 5 in Dodging
  8460 | D:9      | Found a broken altar of Ashenzari.
  8478 | D:9      | Became a worshipper of Ashenzari the Shackled
  8668 | D:9      | Noticed a cyclops
  8675 | D:9      | Killed a cyclops
  8676 | D:9      | Reached skill level 5 in Fighting
  8677 | D:9      | Noticed a cyclops
  8680 | D:9      | Noticed a two-headed ogre
  8682 | D:9      | Killed a cyclops
  8687 | D:9      | Noticed a two-headed ogre
  8689 | D:9      | Killed a two-headed ogre
  8699 | D:9      | Killed a two-headed ogre
  8781 | D:9      | Noticed a two-headed ogre
  8783 | D:9      | Killed a two-headed ogre
  8803 | D:9      | Identified the +8 rapier "Vifoffis" {drain, Int+4 Dex+4}
  8955 | D:9      | Found a shimmering altar of Xom.
  9100 | D:9      | Reached XP level 11. HP: 83/83 MP: 14/14
  9319 | D:10     | Entered Level 10 of the Dungeon
  9351 | D:10     | Noticed a two-headed ogre
  9361 | D:10     | Killed a two-headed ogre
  9606 | D:10     | Noticed a two-headed ogre
  9608 | D:10     | Killed a two-headed ogre
  9672 | D:10     | Found a basalt altar of Yredelemnul.
  9757 | D:10     | Reached * piety under Ashenzari
  9888 | D:11     | Noticed a cyan ugly thing
  9888 | D:11     | Noticed a red ugly thing
  9889 | D:11     | Killed a red ugly thing
  9890 | D:11     | Reached skill level 10 in Dodging
  9895 | D:11     | Killed a cyan ugly thing
  9896 | D:11     | Reached skill level 1 in Shields
  9968 | D:11     | Noticed a seven-headed hydra
  9973 | D:11     | Killed a seven-headed hydra
  9992 | D:11     | Found a staircase to the Lair.
 10264 | D:11     | Noticed a two-headed ogre
 10273 | D:11     | Killed a two-headed ogre
 10460 | D:11     | Reached ** piety under Ashenzari
 10751 | Lair:1   | Entered Level 1 of the Lair of Beasts
 10759 | Lair:1   | Noticed Erica
 10774 | Lair:1   | Killed Erica
 10831 | Lair:1   | Identified the +8 hand axe of Abomination {flame, rN+}
 10889 | Lair:1   | Reached XP level 12. HP: 98/98 MP: 16/16
 10893 | Lair:1   | Noticed an eight-headed hydra
 10900 | Lair:1   | Killed an eight-headed hydra
 11570 | Lair:1   | Identified the +10 chain mail of the Snake Pit {rPois Dex+4
                  | Stlth+}
 12000 | Lair:2   | Reached skill level 5 in Shields
 12032 | Lair:2   | Reached *** piety under Ashenzari
 12365 | Lair:2   | Reached **** piety under Ashenzari
 12587 | Lair:2   | Reached skill level 10 in Fighting
 13207 | Lair:3   | Found a staircase to the Snake Pit.
 13339 | Lair:3   | Reached ***** piety under Ashenzari
 13689 | Lair:3   | Reached XP level 13. HP: 112/114 MP: 20/20
 14609 | Lair:4   | Reached skill level 15 in Stealth
 14755 | Lair:4   | Found a staircase to the Swamp.
 14877 | Lair:5   | Found a staircase to the Slime Pits.
 14879 | Lair:5   | Reached ****** piety under Ashenzari
 15479 | Lair:5   | Found a runed translucent door.
 15604 | Lair:5   | Identified the +7 mace "Leviticus" {vorpal, Drain rPois
                  | Str-3 Int+8}
 15605 | Lair:5   | Identified the Volume of Dusty Cold
 15695 | Lair:6   | Entered Level 6 of the Lair of Beasts
 15697 | Lair:6   | Noticed Snorg
 16345 | Lair:6   | Noticed Sonja
 16350 | Lair:6   | Noticed Sonja
 16350 | Lair:6   | Sonja changed into Sonja the howler monkey
 16357 | Lair:6   | Reached XP level 14. HP: 126/126 MP: 20/22
 16365 | Lair:6   | Killed Sonja the howler monkey
 16807 | Lair:6   | Killed Snorg
 16973 | Lair:6   | Identified the Catalogue of Feathery Calling
 16977 | Lair:6   | Identified the +5 halberd of Saxem {vorpal, +Blink MP+9
                  | Int-4 Dex+5}
 18100 | D:12     | Found a staircase to the Orcish Mines.
 18204 | Orc:1    | Entered Level 1 of the Orcish Mines
 18209 | Orc:1    | Noticed Urug
 18301 | D:12     | Killed Urug
 18440 | Orc:1    | Reached skill level 15 in Dodging
 18444 | Orc:1    | Noticed an orc warlord
 18677 | Orc:1    | Killed an orc warlord
 18759 | Orc:1    | Reached skill level 10 in Shields
 19132 | Orc:2    | Entered Level 2 of the Orcish Mines
 19160 | Orc:2    | Noticed Jorgrun
 19187 | Orc:2    | Killed Jorgrun
 19324 | Orc:2    | Found a staircase to the Elven Halls.
 19676 | Orc:2    | Found Vireetaize's Armour Emporium.
 19706 | Orc:2    | Reached skill level 1 in Armour
 19906 | Orc:2    | Found Otyag Jurie's Weapon Emporium.
 19907 | Orc:2    | Found Faufoj's Book Shop.
 19916 | Orc:2    | Found Pykemof's Distillery.
 20241 | Orc:2    | Learned a level 3 spell: Summon Guardian Golem
 20241 | Orc:2    | Bought Guinnaoc's Collected Works on Dark Summoning for 476
                  | gold pieces
 20249 | Orc:2    | Learned a level 7 spell: Monstrous Menagerie
 20410 | Snake:1  | Entered Level 1 of the Snake Pit
 20440 | Snake:1  | Found Qinolafu's General Store.
 20442 | Snake:1  | Found Burev's Assorted Antiques.
 20444 | Snake:1  | Found Juthroguc's Book Shop.
 20449 | Snake:1  | Reached skill level 1 in Summonings
 20463 | Snake:1  | Reached XP level 15. HP: 134/134 MP: 22/22
 20475 | Snake:1  | Bought a scroll of teleportation for 54 gold pieces
 20477 | Snake:1  | Bought a scroll of blinking for 90 gold pieces
 20756 | Snake:1  | Found a shadowy altar of Dithmenos.
 21241 | Snake:2  | Reached skill level 5 in Summonings
 21472 | Snake:2  | Found Ybaz's Jewellery Boutique.
 21496 | Snake:2  | Bought the amulet of the Scavenger {Reflect rC+ Regen+
                  | SH+5} for 660 gold pieces
 22209 | Snake:3  | Identified the +2 robe of Analysis {Dex+9}
 22244 | Snake:2  | Learned a level 4 spell: Summon Ice Beast
 22777 | Snake:3  | Reached skill level 10 in Summonings
 23097 | Snake:3  | Noticed Aizul
 23102 | Snake:3  | Killed Aizul
 23130 | Snake:3  | Noticed a nagaraja
 23264 | Snake:3  | Found Jisaf's One-of-a-Kind Rings.
 23379 | Snake:3  | Killed a nagaraja
 23818 | Snake:4  | Entered Level 4 of the Snake Pit
 23820 | Snake:4  | Reached XP level 16. HP: 142/142 MP: 23/23
 24640 | Snake:3  | Succumbed to a nagaraja's bolt of poison

Illustrated notes

Levels and vault maps discovered:
D:1:      ncdulo_lavacross, layout_loops_ring,
          hellmonk_ecumenical_altar_crossroads, hex_large
D:2:      layout_loops_ring, uniq_crazy_yiuf_cottage, uniq_terence, uniq_jessica
D:3:      layout_basic, kiku_gazebo_pond_becter,
          nemelex_xobeh_ov_fountains_minmay, minmay_parallelograms,
          nicolae_underground_beach, uniq_natasha
D:4:      layout_basic, kennysheep_cross_bottleneck, uniq_pikel
D:5:      layout_loops_ring, minmay_temple_entry_junction_2,
          kb_lookout_dungeons_type
D:6:      layout_loops_ring, mainiacjoe_overflow_alcove_4, enter_ossuary_3
D:7:      layout_rooms, general_overflow_altar,
          mainiacjoe_overflow_divided_tiny,
          nicolae_hepliaklqana_monster_ancestors, minmay_manual_monstrance,
          uniq_menkaure
D:8:      minmay_inner_zag, layout_loops_corners
D:9:      layout_irregular_city, mainiacjoe_overflow_boulevard,
          lemuel_tele_altar, hellmonk_guarded_unrand_dark_maul
D:10:     layout_basic, kennysheep_ying_yang
D:11:     layout_roguey, erik_lair_orcish_takeover
D:12:     layout_basic, orc_0_dummy, nrook_loot_triangle, minivault_16,
          kennysheep_generic_room_16
Temple:   grunt_temple_mini_profane
Lair:1:   layout_cave_pods, fungi_pond_lemuel, st_stairs_7, beast_lair_carwin_4,
          uniq_erica
Lair:2:   nzn_winding_woodlands_stair_cross [nzn_winding_woodlands_5x15_pool,
          nzn_winding_woodlands_center_garden,
          nzn_winding_woodlands_5x15_pockets, nzn_winding_woodlands_hourglass,
          nzn_winding_woodlands_5x5_open_star, nzn_winding_woodlands_5x15_cabin,
          nzn_winding_woodlands_center_triple_pond,
          nzn_winding_woodlands_5x15_lazy_stream], layout_cave_shapes
Lair:3:   layout_concentric_octagons, guppyfry_snake_entry_garden
Lair:4:   layout_misc_corridors, palyth_hydra_swamp_entry,
          infiniplex_staircase_pool_2
Lair:5:   statuecave_lemuel, layout_long_grid, nicolae_slime_entry_slimehenge,
          pf_torpor_hydra, lemuel_fruit_tree
Lair:6:   minmay_lair_end_frog_pond, layout_cave_pods,
          chequers_serial_rivers_micro_e, chequers_serial_rivers_small_3,
          uniq_sonja, uniq_snorg
Snake:1:  layout_cave_shapes, basic_altar, nicolae_snake_gridmaze_spiral,
          statue_in_the_mist_lemuel, minmay_shop_star
Snake:2:  layout_grid_shapes, serial_shops, shop_statue, serial_bayou_pond_e,
          serial_bayou_shore_a, grunt_megastairs_4
Snake:3:  layout_onion_interference, nicolae_shop_unique_rings, uniq_aizul
Snake:4:  grunt_snake_rune_spirals, layout_onion, nicolae_snake_magic_snake_eye
Orc:1:    layout_caves, basic_altar, uniq_urug
Orc:2:    st_orc_elflike, layout_diamond_mine, mines1_david, uniq_jorgrun

Skill      XL: |  1  2  3  4  5  6  7  8  9 10 11 12 13 14 15 16 |
---------------+-------------------------------------------------+-----
Short Blades   | 2 3 5 7 8 |  8.5
Stealth        | 5 6 7 9 11 12 14 15 | 15.0
Hexes          | 5 6 8 10 11 | 11.6
Fighting       | 3 6 9 10 11 13 | 13.1
Dodging        | 4 8 11 12 14 15 | 15.6
Shields        | 4 6 8 10 | 10.0
Armour         | 2 |  2.2
Summonings     | 1 12 13 | 13.0
Spellcasting   | |  2.0

Action                   |  1- 3 |  4- 6 |  7- 9 | 10-12 | 13-15 | 16-18 || total
-------------------------+-------+-------+-------+-------+-------+-------++-------
Melee: Dagger            |   110 |   119 |   503 |   104 |       |       ||   836
       Bite              |    10 |     8 |    75 |    85 |   204 |    28 ||   410
       Punch             |     2 |       |     9 |     3 |       |       ||    14
       Rapier            |       |       |       |   457 |  1318 |   128 ||  1903
 Cast: Ensorcelled Hiber |    10 |    31 |    30 |    40 |   147 |     6 ||   264
       Confusing Touch   |       |     1 |    39 |     6 |    35 |    13 ||    94
       Tukima's Dance    |       |       |     6 |     9 |    14 |       ||    29
       Summon Guardian G |       |       |       |       |     4 |       ||     4
       Summon Ice Beast  |       |       |       |       |     2 |       ||     2
Invok: Curse Item        |       |       |       |     8 |     3 |       ||    11
       Shatter the Chain |       |       |       |       |     2 |       ||     2
Evoke: Wand              |       |     5 |       |       |     1 |       ||     6
  Use: Scroll            |       |     7 |    12 |     3 |     5 |     1 ||    28
       Potion            |       |       |       |       |     2 |       ||     2
 Stab: Sleeping          |     5 |    26 |    32 |    67 |   108 |     6 ||   244
       Distracted        |       |     1 |     3 |     1 |     5 |     2 ||    12
       Confused          |       |     1 |    39 |     5 |    43 |     9 ||    97
Armor: Robe              |    22 |    45 |   129 |    22 |       |       ||   218
       Steam dragon scal |       |       |       |    58 |    64 |       ||   122
       Troll leather arm |       |       |       |       |    50 |    15 ||    65
Dodge: Dodged            |    73 |    86 |   188 |   348 |   768 |    42 ||  1505
Block: Kite shield       |       |       |       |   211 |   875 |    72 ||  1158
       Reflection        |       |       |       |       |    24 |    16 ||    40

Table legend: (Time is in decaauts)
 A = Elapsed time spent in this place.
 B = Non-inter-level travel time spent in this place.
 C = Inter-level travel time spent in this place.
 D = Time resting spent in this place.
 E = Time spent auto-exploring this place.
 F = Levels seen in this place.
 G = Mean time per level.
                   A        B        C        D        E       F      G
               +--------+--------+--------+--------+--------+-----+--------+
         Total |  23881 |  22482 |   1399 |   1332 |  14888 |  26 |  918.5 |
       Dungeon |  10913 |  10258 |    655 |    343 |   7561 |  12 |  909.4 |
        Temple |    212 |    174 |     38 |      0 |    173 |   1 |  212.0 |
          Lair |   6239 |   5857 |    382 |    272 |   4152 |   6 | 1039.8 |
     Snake Pit |   4067 |   4002 |     65 |    522 |   1893 |   4 | 1016.8 |
  Orcish Mines |   1787 |   1529 |    258 |      6 |    985 |   2 |  893.5 |
       Ossuary |    660 |    660 |      0 |    189 |    123 |   1 |  660.0 |
               +--------+--------+--------+--------+--------+-----+--------+

Top non-repeatable levels by time:
 Snake:3: 1524 daAuts
  Lair:6: 1206 daAuts
     D:8: 1196 daAuts
   Orc:2: 1165 daAuts
 Snake:2: 1152 daAuts
  Lair:1: 1121 daAuts
    D:11: 1090 daAuts
  Lair:5: 1075 daAuts
     D:3: 1054 daAuts
  Lair:3: 1025 daAuts
     D:9: 1003 daAuts
     D:6: 995 daAuts
    D:12: 980 daAuts
  Lair:2: 978 daAuts
     D:2: 959 daAuts
